 Seeded DCSS version 0.27.1-1-g398f81649c (webtiles) character file.

Game seed: 16649989587592985967 (custom seed)

34265 karkarkar the Thaumaturge (level 13, -1/86 HPs)
             Began as a White Draconian Conjurer on Sept 9, 2021.
             Was an Elder of Vehumet.
             Constricted to death by Jorgrun (17 damage)
             ... on level 2 of the Orcish Mines on Sept 10, 2021.
             The game lasted 01:47:22 (20947 turns).

karkarkar the Thaumaturge (DrCj)                   Turns: 20947, Time: 01:47:22

Health: -1/86      AC: 11    Str:  6    XL:     13   Next: 41%
Magic:  21/38      EV:  9    Int: 37    God:    Vehumet [****..]
Gold:   1056       SH:  5    Dex: 18    Spells: 11/36 levels left

rFire    . . .     SeeInvis .   G - +10 rapier of Bread {vorpal, Str-3 Int+7 Dex+3}
rCold    + . .     Faith    .   v - +0 buckler
rNeg     . . .     Spirit   .   (armour unavailable)
rPois    .         Reflect  .   (helmet restricted)
rElec    .         Harm     .   t - +0 cloak
rCorr    .         Rampage  .   c - +0 pair of gloves
Will     .....                  f - +0 pair of boots
Stlth    ++++......             C - amulet of magic regeneration
HPRegen  0.24/turn              M - ring "Runag" {Int+3 Dex+6 Stlth+}
MPRegen  0.51/turn              m - ring of Nihilism {MP+9 Str-3 Int+5}

@: grasped by roots, constricted
A: breathe frost, AC +8, unfitting armour, cold resistance 1, cold-blooded
a: Breathe Frost, Renounce Religion


You were on level 2 of the Orcish Mines.
You worshipped Vehumet.
Vehumet was greatly pleased with you.
You visited 3 branches of the dungeon, and saw 15 of its levels.
You also visited: Sewer.

You collected 2415 gold pieces.
You spent 1359 gold pieces at shops.

Inventory:

Hand Weapons
 l - a +3 hand axe of flaming
 y - a +4 hunting sling
 G - the +10 rapier of Bread (weapon) {vorpal, Str-3 Int+7 Dex+3}
   (You found it on level 9 of the Dungeon)

   It inflicts extra damage upon your enemies.
   Str:       It affects your strength (-3).
   Int:       It affects your intelligence (+7).
   Dex:       It affects your dexterity (+3).
Missiles
 r - 2 boomerangs of dispersal
 K - 4 curare-tipped darts
 L - 7 poisoned darts
 O - 7 silver boomerangs
Armour
 c - a +0 pair of gloves (worn)
 f - a +0 pair of boots (worn)
 t - a +0 cloak (worn)
 v - a +0 buckler (worn)
Jewellery
 a - an amulet of regeneration
 h - a ring of ice
 j - a ring of poison resistance
 m - the ring of Nihilism (right hand) {MP+9 Str-3 Int+5}
   (You acquired it on level 5 of the Dungeon)

   [ring of magical power]

   Str:       It affects your strength (-3).
   Int:       It affects your intelligence (+5).
   MP:        It affects your magic capacity (+9).
 A - a ring of protection from cold
 C - an amulet of magic regeneration (around neck)
 E - a ring of protection from cold
 M - the ring "Runag" (left hand) {Int+3 Dex+6 Stlth+}
   (You bought it in a shop on level 11 of the Dungeon)

   [ring of dexterity]

   Int:       It affects your intelligence (+3).
   Dex:       It affects your dexterity (+6).
   Stlth:     It makes you more stealthy.
Wands
 i - a wand of paralysis (3)
 w - a wand of acid (9)
Scrolls
 e - 2 scrolls of noise
 k - 3 scrolls of fog
 n - 5 scrolls of teleportation
 p - 2 scrolls of enchant weapon
 q - 2 scrolls of identify
 z - 3 scrolls of acquirement
 B - a scroll of magic mapping {unknown}
 F - a scroll of silence
 H - a scroll of fear
 J - a scroll of holy word
 N - a scroll of torment {unknown}
Potions
 b - 4 potions of curing
 d - 2 potions of heal wounds
 g - 2 potions of flight
 o - 2 potions of attraction
 s - a potion of berserk rage
 u - a potion of haste
 x - 2 potions of invisibility
 D - a potion of might
 I - 2 potions of mutation


   Skills:
 + Level 1.5 Short Blades
 + Level 4.1 Axes
 - Level 2.5 Throwing
 - Level 1.9 Dodging
 + Level 6.0 Stealth
 + Level 3.4 Shields
 - Level 0.2 Unarmed Combat
 + Level 12.0 Spellcasting
 + Level 11.7 Conjurations
 + Level 2.3 Hexes
 + Level 10.3 Translocations
 * Level 6.4 Ice Magic
 * Level 4.5 Air Magic
 + Level 1.2 Evocations


You had 11 spell levels left.
You knew the following spells:

 Your Spells              Type           Power      Damage    Failure   Level
a - Magic Dart            Conj           100%       1d8       0%          1
b - Searing Ray           Conj           100%       3d7       0%          2
c - Blink                 Tloc           N/A        N/A       1%          2
d - Iskenderun's Mystic   Conj/Tloc      81%        2d16      1%          4
e - Shock                 Conj/Air       100%       1d9       1%          1
f - Manifold Assault      Tloc           78%        N/A       1%          5
g - Poisonous Vapours     Pois/Air       78%        N/A       1%          2
h - Fulminant Prism       Conj/Hex       32%        3d16      1%          4
i - Hailstorm             Conj/Ice       74%        3d15      1%          4

Your spell library contained the following spells:

 Spells                   Type           Power      Damage    Failure   Level
 Starburst                Conj/Fire      30%        6d9       7%          6
 Pain                     Necr           88%        1d8       1%          1
 Dazzling Flash           Conj/Hex       100%       N/A       1%          3
 Olgreb's Toxic Radiance  Pois           22%        N/A       5%          4
 Ozocubu's Refrigeration  Ice            31%        4d11      28%         7
 Agony                    Necr           22%        N/A       45%         5
 Excruciating Wounds      Necr           11%        N/A       45%         5
 Storm Form               Tmut/Air       19%        N/A       99%         7
 Ignition                 Fire           11%        3d5       100%        8


Dungeon Overview and Level Annotations

Branches:
Dungeon (12/15)            Temple (1/1) D:7            Lair (0/6) D:10
    Orc (2/2) D:10            Elf (0/3) Orc:2         Sewer (visited)

Altars:
Ashenzari
Cheibriados
Dithmenos
Elyvilon
Fedhas
Gozag
Hepliaklqana
Kikubaaqudgha
Makhleb
Nemelex Xobeh
Okawaru
Qazlal
Ru
Sif Muna
Trog
Uskayaw
Vehumet
Wu Jian
Xom
Yredelemnul
Zin
The Shining One
Beogh

Shops:
D:7 ?*([   D:10 (   D:11 =   Orc:2 **

Annotations:
D:11 3 runed translucent doors, thromnambular's ghost, journeyman DjTm
Orc:2 Jorgrun


Innate Abilities, Weirdness & Mutations

You can breathe waves of freezing cold which knock back foes.
Your icy white scales are hard. (AC +8)
You cannot fit into any form of body armour.
Your flesh is cold resistant. (rC+)
You are cold-blooded and may be slowed by cold attacks.


Message History

The blast of energy engulfs Jorgrun!!
Jorgrun is moderately wounded.
The blast of energy engulfs your fulminant prism!!
Your fulminant prism detonates feebly.
You erupt in a blast of force!
The mystic blast hits Jorgrun!
Jorgrun is moderately wounded.
Jorgrun is knocked back by the mystic blast.
The grasping roots constrict you!
The searing ray misses Jorgrun. (Press . to maintain the ray.)
The grasping roots constrict you!
The searing ray misses Jorgrun.
The grasping roots constrict you!
The searing ray misses Jorgrun.
The grasping roots constrict you.
The searing ray hits Jorgrun!
Jorgrun is heavily wounded.
You finish channeling your searing ray.
Jorgrun hits you with a staff of earth! Jorgrun shatters you!!
* * * LOW HITPOINT WARNING * * *
The grasping roots constrict you!
* * * LOW HITPOINT WARNING * * *
You feel much better. Jorgrun barely misses you.
The grasping roots constrict you.
* * * LOW HITPOINT WARNING * * *
You are too injured to fight recklessly!
Casting: Iskenderun's Mystic Blast (safe; 1% risk of failure)
Press: ? - help, Q - select action, (/) - cycle Dir - look around, f - activate You erupt in a blast of force!
The mystic blast hits Jorgrun.
Jorgrun is heavily wounded.
Jorgrun is knocked back by the mystic blast.
You can't go down here!
The roots' grasp on you weakens, but your attempt to escape fails.
The grasping roots constrict you!
* * * LOW HITPOINT WARNING * * *
The grasping roots release their grip on you.
Unknown command.
Jorgrun gestures at you while chanting.
Roots burst forth from the earth!
The grasping roots grab you! The grasping roots constrict you!
You die...

#......#........#.##
#.....#.......#####
###..........### ##
(.#..........###### #.
..#..........##...### .##
..#.................####..#
###......[)#..g[)....#..#.#
#8........)[[)[...[.......#
'........[)[))))@.)....#..#
#8........)..)))..[..###)##
###.......)##..[)...## ...
..#.......).##.....## ....
..#...#......##....# #...##
##..##.....####### ....#
#...#.....##..# ##..#.##
#...##........#....# ).##.
#....[.....#..#


You could see Jorgrun (very poisoned).

Vanquished Creatures
  An orc warlord (Orc:2)
  Erolcha (D:10)
  A hydra (D:12)
  4 two-headed ogres
  5 orc high priests
  6 orc knights
  Pikel (D:6)
  A deep elf pyromancer (D:12)
  2 ugly things
  5 cyclopes
  3 orc sorcerers (Orc:2)
  A gargoyle (D:12)
  Psyche (D:8)
  A komodo dragon (D:12)
  5 trolls
  A shadow (D:9)
  4 wraiths
  19 yaks
  A wyvern (D:10)
  Grum (D:10)
  2 vampire mosquitoes (D:12)
  4 wargs (Orc:2)
  An acid dragon (D:8)
  3 water moccasins
  51 orc warriors
  A sky beast (D:7)
  4 black bears
  2 necrophages
  2 ice beasts
  3 wolves
  13 ogres
  2 centaurs
  A lemure (D:6)
  A phantom (D:5)
  3 kobold brigands
  3 bullfrogs
  Blork the orc (D:4)
  2 scorpions
  A water moccasin zombie (D:5)
  A wyvern skeleton (D:7)
  A water moccasin skeleton (D:6)
  15 killer bees
  9 wights
  3 howler monkeys
  A vampire bat (D:10)
  A bullfrog zombie (D:6)
  2 lava snakes
  29 orc priests
  A hound (D:4)
  Crazy Yiuf (D:4)
  A centaur skeleton (D:7)
  7 centaur zombies
  A gnoll shaman (D:10)
  2 bullfrog skeletons
  Natasha (thrice) (D:3)
  2 iguanas
  26 orc wizards
  A killer bee zombie (D:6)
  2 howler monkey zombies
  4 gnolls (Orc:1)
  7 adders
  4 river rats
  A shadow imp (D:6)
  A white imp (D:8)
  An ufetubus (D:6)
  A dart slug (D:1)
  110 orcs
  2 endoplasms
  A giant cockroach (D:3)
  9 goblins
  2 hobgoblins
  10 jackals
  4 quokkas
  7 ball pythons
  11 bats
  3 frilled lizards
  16 kobolds
  10 rats
  11 fulminant prisms
488 creatures vanquished.

Vanquished Creatures (others)
  An orc (Orc:1)
  2 demonic plants (D:2)
  67 fulminant prisms
  A fungus (D:10)
  5 plants
  A withered plant (D:2)
77 creatures vanquished.

Grand Total: 565 creatures vanquished

Notes
Turn   | Place    | Note
-------+----------+-------------------------------------------
     0 | D:1      | karkarkar the Draconian Conjurer began the quest for the
                  | Orb.
     0 | D:1      | Reached XP level 1. HP: 14/14 MP: 3/3
   230 | D:1      | Reached XP level 2. HP: 20/20 MP: 0/5
   331 | D:1      | Learned a level 2 spell: Searing Ray
  1313 | D:2      | Reached XP level 3. HP: 26/26 MP: 1/6
  1806 | D:2      | Found a faded altar of an unknown god.
  2083 | D:3      | Found a sacrificial altar of Ru.
  2125 | D:3      | Noticed Natasha
  2128 | D:3      | Killed Natasha
  2129 | D:3      | Reached XP level 4. HP: 33/33 MP: 2/7
  2250 | D:3      | Noticed Natasha
  2283 | D:3      | Killed Natasha
  2284 | D:3      | Reached skill level 5 in Conjurations
  2284 | D:3      | Reached skill level 1 in Translocations
  2500 | D:3      | Noticed Natasha
  2538 | D:3      | Killed Natasha
  2775 | D:3      | Learned a level 2 spell: Blink
  2797 | D:3      | Reached skill level 3 in Spellcasting
  2822 | D:4      | Reached XP level 5. HP: 38/38 MP: 6/9
  3119 | D:4      | Noticed Blork the orc
  3130 | D:4      | Killed Blork the orc
  3131 | D:4      | Reached XP level 6. HP: 39/45 MP: 0/11
  3461 | D:4      | Found a shadowy altar of Dithmenos.
  3461 | D:4      | Found a hide-covered altar of Uskayaw.
  3704 | D:4      | Found a runed translucent door.
  3707 | D:4      | Noticed Crazy Yiuf
  3714 | D:4      | Killed Crazy Yiuf
  3997 | D:5      | Entered Level 5 of the Dungeon
  4101 | D:5      | Reached skill level 4 in Spellcasting
  4215 | D:5      | Reached skill level 1 in Throwing
  4215 | D:5      | Your scales start taking on an icy white colour.
  4215 | D:5      | Reached XP level 7. HP: 50/50 MP: 4/13
  4215 | D:5      | Gained mutation: Your flesh is cold resistant. (rC+) [White
                  | Draconian growth]
  4526 | D:5      | You fall into a shaft and drop 3 floors!
  4645 | D:8      | Noticed a yak
  4645 | D:8      | Noticed a yak
  4645 | D:8      | Noticed a yak
  4684 | D:9      | Killed a yak
  4694 | D:9      | Killed a yak
  4719 | D:8      | Noticed a yak
  4719 | D:8      | Noticed a yak
  4719 | D:8      | Noticed a yak
  4852 | D:7      | Reached skill level 5 in Spellcasting
  4852 | D:7      | Reached XP level 8. HP: 37/57 MP: 7/15
  4908 | D:7      | Learned a level 4 spell: Iskenderun's Mystic Blast
  4994 | D:6      | Found a glowing drain.
  5130 | Sewer    | Entered a sewer
  5366 | Sewer    | Found a white marble altar of Elyvilon.
  5553 | D:6      | Noticed Pikel
  5581 | D:6      | Killed Pikel
  5582 | D:6      | Reached skill level 1 in Axes
  5764 | D:5      | Reached skill level 5 in Translocations
  5870 | D:5      | Identified a scroll of acquirement
  5870 | D:5      | Acquired the ring of Nihilism {MP+9 Str-3 Int+5}
  6096 | D:5      | Reached skill level 6 in Spellcasting
  6402 | D:6      | Found a burning altar of Makhleb.
  6413 | D:6      | Reached XP level 9. HP: 62/62 MP: 18/18
  6564 | D:6      | Noticed a white ugly thing
  6581 | D:6      | Killed a white ugly thing
  6692 | D:6      | Found a shimmering altar of Xom.
  7273 | D:7      | Reached skill level 7 in Spellcasting
  7387 | D:7      | Found Vuynnio's Antique Armour Shop.
  7395 | D:7      | Found Sumomor's Weapon Shoppe.
  7409 | D:7      | Found Hexougry's Assorted Antiques.
  7462 | D:7      | Acquired 1056 gold pieces
  7748 | D:7      | Found Ujetydd's Magic Scroll Boutique.
  7855 | D:7      | Bought a scroll of blinking for 105 gold pieces
  7855 | D:7      | Bought a scroll of blinking for 105 gold pieces
  8158 | D:7      | Bought a dented beryl amulet for 105 gold pieces
  8185 | D:7      | Found a staircase to the Ecumenical Temple.
  8191 | Temple   | Entered the Ecumenical Temple
  8200 | Temple   | Became a worshipper of Vehumet
  8269 | D:7      | Reached XP level 10. HP: 69/69 MP: 21/21
  8509 | D:8      | Reached skill level 1 in Shields
  8649 | D:8      | Reached skill level 8 in Spellcasting
  8732 | D:8      | Noticed Psyche
  8744 | D:8      | Killed Psyche
  9083 | D:8      | Reached * piety under Vehumet
  9083 | D:8      | Offered knowledge of Shock by Vehumet.
  9084 | D:8      | Reached skill level 9 in Spellcasting
  9129 | D:8      | Learned a level 1 spell: Shock
  9135 | D:8      | Learned a level 5 spell: Manifold Assault
  9944 | D:8      | Reached skill level 5 in Stealth
 10329 | D:9      | Identified the +10 rapier of Bread {vorpal, Str-3 Int+7
                  | Dex+3}
 10518 | D:9      | Found a basalt altar of Yredelemnul.
 10546 | D:9      | Found a snail-covered altar of Cheibriados.
 11073 | D:9      | Found a bloodstained altar of Trog.
 11207 | D:10     | Entered Level 10 of the Dungeon
 11207 | D:10     | Noticed an orc knight
 11207 | D:10     | Noticed an orc knight
 11207 | D:10     | Found Plog's Weapon Shoppe.
 11207 | D:10     | Found a staircase to the Orcish Mines.
 11286 | D:10     | Noticed a cyclops
 11290 | D:10     | Killed a cyclops
 11291 | D:10     | Reached XP level 11. HP: 74/74 MP: 24/24
 11512 | D:10     | Found a white marble altar of Elyvilon.
 11701 | D:10     | Found a staircase to the Lair.
 11973 | D:10     | Noticed a purple ugly thing
 12063 | D:10     | Killed a purple ugly thing
 12063 | D:10     | Offered knowledge of Freeze by Vehumet.
 12116 | D:10     | Reached ** piety under Vehumet
 12158 | D:10     | Killed an orc knight
 12166 | D:10     | Killed an orc knight
 12167 | D:10     | Reached skill level 10 in Spellcasting
 12350 | D:10     | Noticed Erolcha
 12351 | D:10     | Noticed Grum
 12363 | D:9      | Reached skill level 10 in Conjurations
 12745 | D:10     | Found a hazy altar of Hepliaklqana.
 12801 | D:10     | Killed Grum
 13055 | D:10     | Killed Erolcha
 13127 | D:10     | Reached skill level 1 in Evocations
 13535 | D:11     | Found a runed translucent gate.
 13535 | D:11     | Found a runed translucent gate.
 13627 | D:11     | Found a runed translucent gate.
 13629 | D:11     | Noticed a two-headed ogre
 13631 | D:11     | Noticed a centaur warrior
 13631 | D:11     | Noticed thromnambular's ghost (journeyman DjTm)
 13631 | D:11     | Noticed a tengu warrior
 13632 | D:11     | Noticed a yaktaur captain
 13735 | D:11     | Noticed a two-headed ogre
 13753 | D:11     | Killed a two-headed ogre
 13858 | D:11     | Found Ewnaunel's Jewellery Shoppe.
 14137 | D:11     | Bought the ring "Runag" {Int+3 Dex+6 Stlth+} for 1044 gold
                  | pieces
 14814 | D:12     | Noticed a four-headed hydra
 14838 | D:12     | Reached XP level 12. HP: 80/81 MP: 21/26
 14843 | D:12     | Killed a four-headed hydra
 14844 | D:12     | Reached skill level 1 in Short Blades
 15359 | D:12     | Offered knowledge of Poisonous Vapours by Vehumet.
 15360 | D:12     | Reached skill level 1 in Ice Magic
 15360 | D:12     | Reached skill level 1 in Air Magic
 15363 | D:12     | Learned a level 2 spell: Poisonous Vapours
 15399 | D:12     | Noticed a two-headed ogre
 15416 | D:12     | HP: 1/81 [two-headed ogre (8)]
 15885 | D:11     | Killed a two-headed ogre
 16119 | Orc:1    | Entered Level 1 of the Orcish Mines
 16127 | D:10     | Learned a level 4 spell: Fulminant Prism
 16136 | Orc:1    | Noticed an orc high priest
 16138 | Orc:1    | Reached skill level 11 in Spellcasting
 16138 | Orc:1    | Reached *** piety under Vehumet
 16402 | Orc:1    | Offered knowledge of Hailstorm by Vehumet.
 16408 | Orc:1    | Killed an orc high priest
 16419 | Orc:1    | Learned a level 4 spell: Hailstorm
 17031 | Orc:2    | Entered Level 2 of the Orcish Mines
 17032 | Orc:2    | Reached **** piety under Vehumet
 17417 | Orc:2    | Noticed a two-headed ogre
 17421 | Orc:2    | Offered knowledge of Lightning Bolt by Vehumet.
 17444 | Orc:2    | Killed a two-headed ogre
 17546 | Orc:2    | Noticed a two-headed ogre
 17550 | Orc:2    | Killed a two-headed ogre
 17576 | Orc:2    | Reached skill level 10 in Translocations
 17578 | Orc:2    | Reached skill level 1 in Hexes
 17851 | Orc:1    | Reached ***** piety under Vehumet
 17851 | Orc:1    | Offered knowledge of Starburst by Vehumet.
 18037 | Orc:2    | Reached skill level 5 in Ice Magic
 18465 | Orc:2    | Reached XP level 13. HP: 86/86 MP: 20/28
 19060 | Orc:2    | Noticed Jorgrun
 19535 | Orc:2    | Found Dintuer's General Store.
 19647 | Orc:2    | Found Efesout's General Store.
 20022 | Orc:2    | Noticed an orc warlord
 20035 | Orc:2    | Killed an orc warlord
 20036 | Orc:2    | Reached skill level 12 in Spellcasting
 20346 | Orc:2    | Found a staircase to the Elven Halls.
 20387 | Orc:2    | Noticed an orc warlord
 20947 | Orc:2    | Constricted to death by Jorgrun

Illustrated notes

Levels and vault maps discovered:
D:1:      grunt_arrival_crossed_arrows, layout_loops_cross
D:2:      layout_loops_cross, shapermc_ecumenical_altar_gd
D:3:      layout_rooms, hangedman_ru_absence, uniq_natasha
D:4:      layout_loops_cross, gammafunk_temple_overflow_wave,
          uniq_blork_the_orc, uniq_crazy_yiuf_cottage
D:5:      layout_loops_ring
D:6:      layout_basic, mainiacjoe_overflow_chevrons, tgw_xom,
          portal_sewer_entry_a, uniq_pikel
D:7:      layout_gridville, minmay_temple_entry_fiery, serial_shops, shop,
          nicolae_shop_overgrown_old_shop, shop, kennysheep_little_box
D:8:      minmay_opposing_rooms, layout_layer_cave, minmay_misc_feat_enclosed,
          uniq_psyche
D:9:      layout_irregular_city, trog_book, mainiacjoe_overflow_catch_the_wave
D:10:     layout_irregular_city, nicolae_hepliaklqana_hippocampus,
          elyvilon_altar_5, david_lair_generic, orc_david_3, roderic_batcave,
          minivault_25, st_stairs_11, palyth_stone_intersect,
          hellmonk_bongcloud_opening, uniq_erolcha, uniq_grum
D:11:     layout_basic, gammafunk_ghost_split, serial_shops, shop,
          kennysheep_cross_room
D:12:     layout_cave_pools
Temple:   nicolae_temple_no_exploring_needed
Orc:1:    layout_caves
Orc:2:    pubby_orc_utopia, uniq_jorgrun

Skill      XL: |  1  2  3  4  5  6  7  8  9 10 11 12 13 |
---------------+----------------------------------------+-----
Stealth        | 2 3 4 5 6 |  6.0
Conjurations   | 5 6 7 8 9 10 11 | 11.7
Translocations | 1 2 4 5 6 7 9 10 | 10.3
Spellcasting   | 3 4 5 6 7 9 10 11 12 | 12.0
Throwing       | 1 2 |  2.5
Axes           | 1 2 3 4 |  4.1
Shields        | 1 3 |  3.4
Evocations     | 1 |  1.2
Short Blades   | 1 |  1.5
Ice Magic      | 5 6 |  6.4
Air Magic      | 3 4 |  4.5
Hexes          | 1 2 |  2.3
Dodging        | |  1.9
Unarmed Combat | |  0.2

Action                   |  1- 3 |  4- 6 |  7- 9 | 10-12 | 13-15 || total
-------------------------+-------+-------+-------+-------+-------++-------
Melee: Unarmed           |    31 |       |     4 |       |       ||    35
       Tailslap          |     2 |       |     1 |     3 |       ||     6
       Hand axe          |       |       |    17 |     9 |       ||    26
       Rapier            |       |       |       |    18 |     1 ||    19
Throw: Javelin           |       |     7 |     4 |       |       ||    11
       Dart              |       |     2 |       |    11 |       ||    13
       Boomerang         |       |       |       |       |     1 ||     1
 Cast: Magic Dart        |    32 |    22 |    54 |   136 |     9 ||   253
       Searing Ray       |    20 |    22 |    56 |    97 |    10 ||   205
       Iskenderun's Myst |       |       |     8 |   143 |    81 ||   232
       Blink             |       |       |     1 |     1 |       ||     2
       Manifold Assault  |       |       |       |     2 |       ||     2
       Shock             |       |       |       |     1 |       ||     1
       Fulminant Prism   |       |       |       |    45 |    33 ||    78
       Poisonous Vapours |       |       |       |     1 |     1 ||     2
 Abil: Breathe Frost     |       |       |     1 |     6 |     1 ||     8
Evoke: Wand              |       |       |       |     6 |     1 ||     7
  Use: Scroll            |       |     2 |    10 |     7 |     2 ||    21
       Potion            |       |       |     4 |     1 |     4 ||     9
 Stab: Sleeping          |       |       |       |     1 |       ||     1
Armor: Skin              |    19 |     2 |    52 |    69 |     4 ||   146
Dodge: Dodged            |    48 |    12 |    77 |    87 |     8 ||   232
Block: Buckler           |       |       |     7 |    35 |     2 ||    44
